Demolitions vs Senators
(R2)
Created - October 13, 2017 at 19:04
Goals
|
| Demolitions |
3 |
3 |
1 |
7 |
| Senators |
0 |
3 |
3 |
6 |
|
Shots
|
| Demolitions |
12 |
17 |
8 |
37 |
| Senators |
12 |
8 |
9 |
29 |
|
1st period
1. Demolitions , Nigel Dawes 1 (Corban Knight 2, Erik Condra 1) at 2:51
2. Demolitions , Ryan Vesce 1 (Nicolas Blanchard 1) at 8:00
3. Demolitions , Bobby Butler 1 (Martins Karsums 1, Darren Helm 3) at 11:06 (PP)
Penalties :
Sergei Kostitsyn (BIN) for Hooking (Minor) at 5:49, Logan Stephenson (BIN) for Hooking (Minor) at 10:58
2nd period
4. Senators , Jaden Schwartz 1 (Tommy Wingels 1) at 1:17 (PP)
5. Senators , Chris Thorburn 1 (Sergei Kostitsyn 1, Nick Bjugstad 1) at 6:00 (PP)
6. Demolitions , Ryan Bayda 2 (Martins Karsums 2, Darren Helm 4) at 8:37
7. Demolitions , Erik Condra 1 (Brendon Nash 2) at 9:13 (PP)
8. Senators , Marc-André Bernier 1 (Gabriel Bourque 1, Shane Sims 1) at 14:46
9. Demolitions , Erik Condra 2 (Nigel Dawes 1, Cameron Schilling 1) at 17:33
Penalties :
Martins Karsums (Vic) for Roughing (Minor) at 1:16, Brandon McMillan (Vic) for High sticking (Minor) at 5:57, Nick Bjugstad (BIN) for Hooking (Minor) at 8:42, Tommy Wingels (BIN) for Hooking (Minor) at 9:49
3rd period
10. Senators , Jaden Schwartz 2 (Matt Frattin 1, Logan Stephenson 1) at 6:52 (PP)
11. Demolitions , Ryan Bayda 3 (Martins Karsums 3, Darren Helm 5) at 8:09
12. Senators , Sergei Kostitsyn 1 (Jaden Schwartz 1) at 10:30 (PP)
13. Senators , Sergei Kostitsyn 2 (Nick Bjugstad 2, Ben Bishop) at 19:39 (PP)
Penalties :
Logan Stephenson (BIN) for Holding (Minor) at 0:05, Chris Thorburn (BIN) for High sticking (Minor) at 1:05, Brendon Nash (Vic) for Holding (Minor) at 5:58, Chris Thorburn (BIN) for Hooking (Minor) at 8:28, Mike Sauer (Vic) for High sticking (Minor) at 10:14, Ryan Bayda (Vic) for Goalie Interference (Minor) at 11:33, Martins Karsums (Vic) for Hooking (Minor) at 19:28
Goalie Stats
Karri Ramo (Vic), 23 saves from 29 shots - (0.793), W, 1-0-1, 60:00 minutes
Ben Bishop (BIN), 15 saves from 18 shots - (0.833), L, 0-1-0, 31:23 minutes
Brad Thiessen (BIN), 15 saves from 19 shots - (0.789), 28:37 minutes
Players Stats for Demolitions
Player Name G A P +/- PIM S H SB GA TA FO MP PP MP PK MP
------------------------------------------------------------------------------------
Andrew Campbell 0 0 0 3 0 0 0 2 0 0 0/0 10:13 0:00 0:00
Billy Sweat 0 0 0 1 0 0 0 0 0 0 0/0 7:56 0:00 0:00
Bobby Butler 1 0 1 0 0 3 2 1 1 0 1/2 19:52 5:32 2:16
Brandon McMillan 0 0 0 0 2 2 2 0 0 0 6/15 11:41 0:00 0:00
Brendon Nash 0 1 1 1 2 1 1 3 0 4 0/0 28:50 5:32 1:19
Cameron Schilling 0 1 1 1 0 1 2 2 1 1 0/0 29:45 5:32 2:13
Corban Knight 0 1 1 1 0 2 4 0 0 0 3/6 14:24 3:50 0:24
Darren Helm 0 3 3 2 0 4 2 1 2 0 22/37 23:30 5:32 0:32
Erik Condra 2 1 3 1 0 4 0 0 2 0 0/0 14:00 3:50 0:00
Jack Skille 0 0 0 0 0 0 1 2 0 0 1/2 12:35 0:00 0:53
Martins Karsums 0 3 3 2 4 4 0 0 1 1 4/6 24:56 5:32 1:47
Mike Sauer 0 0 0 0 2 1 1 3 0 0 0/0 20:01 3:49 0:58
Nicolas Blanchard 0 1 1 1 0 3 0 0 0 0 2/6 7:56 0:00 0:00
Nigel Dawes 1 1 2 1 0 3 4 0 1 0 0/0 10:52 0:00 0:23
Robert Bortuzzo 0 0 0 3 0 1 1 0 0 0 0/0 11:07 0:00 0:54
Ryan Bayda 2 0 2 2 2 5 2 0 0 1 1/2 20:54 3:50 0:07
Ryan Vesce 1 0 1 1 0 3 0 0 0 0 1/1 7:56 0:00 0:00
Seth Helgeson 0 0 0 0 0 0 0 0 1 1 0/0 20:02 3:50 0:58
Players Stats for Senators
Player Name G A P +/- PIM S H SB GA TA FO MP PP MP PK MP
------------------------------------------------------------------------------------
Chandler Stephenson 0 0 0 -2 0 0 0 0 0 0 1/3 6:19 0:00 0:00
Chris Thorburn 1 0 1 -1 4 3 3 0 0 0 0/0 19:10 1:31 1:01
Gabriel Bourque 0 1 1 0 0 3 2 3 0 1 0/0 15:28 0:00 2:58
Jaden Schwartz 2 1 3 -1 0 3 1 0 0 0 1/2 18:47 1:28 5:21
Jeff Petry 0 0 0 -2 0 0 0 1 0 0 0/0 10:39 0:00 0:00
Logan Stephenson 0 1 1 -1 4 2 3 2 1 1 0/0 28:56 1:35 4:27
Marc-André Bernier 1 0 1 0 0 2 3 1 0 0 0/0 12:40 0:15 0:00
Martin Marincin 0 0 0 -1 0 1 1 0 1 0 0/0 19:19 1:36 3:51
Matt Frattin 0 1 1 0 0 1 1 0 1 0 0/0 12:58 1:25 0:00
Nick Bjugstad 0 2 2 -1 2 2 2 0 0 1 22/46 18:01 1:28 0:00
Nicolas Deslauriers 0 0 0 -2 0 0 1 1 0 0 0/0 11:10 0:00 1:42
Patrick Bordeleau 0 0 0 -2 0 0 0 0 1 0 0/1 7:14 0:15 0:29
Patrick Wey 0 0 0 -1 0 2 1 4 1 5 0/0 30:02 1:35 5:31
Sergei Kostitsyn 2 1 3 -2 2 6 3 0 3 1 3/9 22:39 1:31 4:10
Shane Sims 0 1 1 -1 0 2 0 1 0 0 0/0 19:59 1:36 3:20
Tomas Jurco 0 0 0 -3 0 0 1 0 0 0 1/2 9:24 0:15 2:32
Tommy Wingels 0 1 1 0 2 2 4 1 0 0 7/10 13:03 1:25 0:00
Zemgus Girgensons 0 0 0 0 0 0 0 0 0 0 1/4 13:31 0:00 1:06
3 Stars
1 - Erik Condra (Vic)
2 - Jaden Schwartz (BIN)
3 - Ryan Bayda (Vic)
Power Play
Demolitions - 2 on 7 Attempt(s) - 28.57%
Senators - 5 on 6 Attempt(s) - 83.33%
Penalty Kill
Demolitions - 1 on 6 Attempt(s) - 16.67%
- Score 0 goal in Penalty Kill
Senators - 5 on 7 Attempt(s) - 71.43%
- Score 0 goal in Penalty Kill
Team Stat
Demolitions - Hits : 22 - Faceoff Wins : 41 - Blocked Shots : 14 - Penalty Minutes : 12
Senators - Hits : 26 - Faceoff Wins : 36 - Blocked Shots : 14 - Penalty Minutes : 14
Official
Referees : Joannette Marc and VanMassenhoven Don
Linesman : Scott Cherrey and David Brisebois
Game Notes
Ben Bishop enters game at 8:37 of 2nd period
Martin Marincin is injured at 18:17 of 3rd period (Right Eye)
Finance
Level 1 -- Attendance: 1545 (77.25%) -- Ticket Income $50,985
Level 2 -- Attendance: 782 (78.20%) -- Ticket Income $11,730
Total Attendance: 2327 (77.57%)
Total Ticket Income: $62,715
Other Income: $3,136
Total Income: $65,851
Demolitions
5 vs 5 Forward
Center Left Wing Right Wing Time % Phy DF OF
1 Darren Helm Ryan Bayda Martins Karsums 40 1 2 2
2 Brandon McMillan Bobby Butler Jack Skille 30 1 2 2
3 Corban Knight Nigel Dawes Erik Condra 20 1 2 2
4 Nicolas Blanchard Billy Sweat Ryan Vesce 10 1 2 2
5 vs 5 Defense
Defense Defense Time % Phy DF OF
1 Brendon Nash Cameron Schilling 40 1 2 2
2 Seth Helgeson Mike Sauer 30 1 2 2
3 Andrew Campbell Robert Bortuzzo 20 1 2 2
4 Brendon Nash Cameron Schilling 10 1 2 2
PowerPlay Forward
Center Left Wing Right Wing Time % Phy DF OF
1 Darren Helm Bobby Butler Martins Karsums 60 1 2 2
2 Corban Knight Ryan Bayda Erik Condra 40 1 2 2
PowerPlay Defense
Defense Defense Time % Phy DF OF
1 Brendon Nash Cameron Schilling 60 1 2 2
2 Seth Helgeson Mike Sauer 40 1 2 2
Penalty Kill 4 Players Forward
Center Wing Time % Phy DF OF
1 Martins Karsums Bobby Butler 60 1 2 2
2 Ryan Bayda Darren Helm 40 1 2 2
Penalty Kill 4 Players Defense
Defense Defense Time % Phy DF OF
1 Brendon Nash Cameron Schilling 60 1 2 2
2 Seth Helgeson Mike Sauer 40 1 2 2
Penalty Kill - 3 Players Forward
Forward Time % Phy DF OF
1 Martins Karsums 60 1 2 2
2 Bobby Butler 40 1 2 2
Penalty Kill - 3 Players Defense
Defense Defense Time % Phy DF OF
1 Brendon Nash Cameron Schilling 60 1 2 2
2 Seth Helgeson Mike Sauer 40 1 2 2
4 vs 4 Forward
Center Wing Time % Phy DF OF
1 Martins Karsums Bobby Butler 60 1 2 2
2 Ryan Bayda Darren Helm 40 1 2 2
4 vs 4 Defense
Defense Defense Time % Phy DF OF
1 Brendon Nash Cameron Schilling 60 1 2 2
2 Seth Helgeson Mike Sauer 40 1 2 2
Last Minutes Offensive
Center Left Wing Right Wing Defense Defense
Darren Helm Bobby Butler Martins Karsums Brendon Nash Cameron Schilling
Last Minutes Defensive
Center Left Wing Right Wing Defense Defense
Darren Helm Bobby Butler Martins Karsums Brendon Nash Cameron Schilling
Goaltenders
Starting : Karri Ramo
Backup : Olivier Roy
Extra Forwards
Normal : Nigel Dawes, Ryan Vesce, Jack Skille - PP : Nigel Dawes, Ryan Vesce - PK : Jack Skille
Extra Defensemen
Normal : Andrew Campbell, Robert Bortuzzo, Seth Helgeson - PP : Andrew Campbell - PK : Robert Bortuzzo, Seth Helgeson
Penalty Shots
Martins Karsums, Bobby Butler, Ryan Bayda, Darren Helm, Nigel Dawes
Scratches
Alex Hutchings (Healthy), Ryan Olsen (Healthy), Thomas DiPauli (Healthy), Josh Beaulieu (Healthy), Matt D'Agostini (Healthy)
Taylor Aronson (Healthy), Taylor Leier (Healthy), Mitchell Moroz (Healthy), Ryan Russell (Healthy), Vince Rocco (Healthy)
Frazer Mclaren (Healthy), Nick Pryor (Healthy), Joe Cannata (Healthy), Jake Paterson (Healthy), Jussi Rynnas (Healthy)
Senators
5 vs 5 Forward
Center Left Wing Right Wing Time % Phy DF OF
1 Nick Bjugstad Sergei Kostitsyn Chris Thorburn 40 1 2 2
2 Tommy Wingels Jaden Schwartz Matt Frattin 30 1 2 2
3 Zemgus Girgensons Gabriel Bourque Marc-André Bernier 20 1 2 2
4 Chandler Stephenson Patrick Bordeleau Tomas Jurco 10 1 2 2
5 vs 5 Defense
Defense Defense Time % Phy DF OF
1 Logan Stephenson Patrick Wey 40 1 2 2
2 Shane Sims Martin Marincin 30 1 2 2
3 Jeff Petry Nicolas Deslauriers 20 1 2 2
4 Logan Stephenson Patrick Wey 10 1 2 2
PowerPlay Forward
Center Left Wing Right Wing Time % Phy DF OF
1 Nick Bjugstad Sergei Kostitsyn Chris Thorburn 60 1 2 2
2 Tommy Wingels Jaden Schwartz Matt Frattin 40 1 2 2
PowerPlay Defense
Defense Defense Time % Phy DF OF
1 Logan Stephenson Patrick Wey 60 1 2 2
2 Shane Sims Martin Marincin 40 1 2 2
Penalty Kill 4 Players Forward
Center Wing Time % Phy DF OF
1 Sergei Kostitsyn Jaden Schwartz 60 1 2 2
2 Gabriel Bourque Chris Thorburn 40 1 2 2
Penalty Kill 4 Players Defense
Defense Defense Time % Phy DF OF
1 Logan Stephenson Patrick Wey 60 1 2 2
2 Shane Sims Martin Marincin 40 1 2 2
Penalty Kill - 3 Players Forward
Forward Time % Phy DF OF
1 Sergei Kostitsyn 60 1 2 2
2 Jaden Schwartz 40 1 2 2
Penalty Kill - 3 Players Defense
Defense Defense Time % Phy DF OF
1 Logan Stephenson Patrick Wey 60 1 2 2
2 Shane Sims Martin Marincin 40 1 2 2
4 vs 4 Forward
Center Wing Time % Phy DF OF
1 Sergei Kostitsyn Jaden Schwartz 60 1 2 2
2 Gabriel Bourque Chris Thorburn 40 1 2 2
4 vs 4 Defense
Defense Defense Time % Phy DF OF
1 Logan Stephenson Patrick Wey 60 1 2 2
2 Shane Sims Martin Marincin 40 1 2 2
Last Minutes Offensive
Center Left Wing Right Wing Defense Defense
Nick Bjugstad Sergei Kostitsyn Chris Thorburn Logan Stephenson Patrick Wey
Last Minutes Defensive
Center Left Wing Right Wing Defense Defense
Nick Bjugstad Sergei Kostitsyn Chris Thorburn Logan Stephenson Patrick Wey
Goaltenders
Starting : Brad Thiessen
Backup : Ben Bishop
Extra Forwards
Normal : Patrick Bordeleau, Marc-André Bernier, Tomas Jurco - PP : Patrick Bordeleau, Marc-André Bernier - PK : Tomas Jurco
Extra Defensemen
Normal : Jeff Petry, Nicolas Deslauriers, Shane Sims - PP : Jeff Petry - PK : Nicolas Deslauriers, Shane Sims
Penalty Shots
Sergei Kostitsyn, Jaden Schwartz, Gabriel Bourque, Chris Thorburn, Nick Bjugstad
Scratches
Ryan Dzingel (Healthy), Shane Prince (Healthy), Dylan Blujus (Healthy), Martin Marincin (Right Eye Injury), Phil Di Giuseppe (Healthy)
Rocco Grimaldi (Healthy), Keegan Lowe (Healthy), Matt Tomkins (Healthy)
% Time on Ice - Demolitions
Lines # - Real PCT - Wanted PCT - Time Play
Normal Forward
1 - 36% - 40% - 17:06
2 - 25% - 30% - 11:42
3 - 22% - 20% - 10:10
4 - 17% - 10% - 7:56
Normal Defense
1 - 41% - 40% - 19:22
2 - 32% - 30% - 15:14
3 - 22% - 20% - 10:13
4 - 4% - 10% - 2:05
PP Forward
1 - 59% - 60% - 5:32
2 - 41% - 40% - 3:50
PP Defense
1 - 59% - 60% - 5:32
2 - 41% - 40% - 3:50
PK Forward
1 - 83% - 60% - 2:39
2 - 17% - 40% - 0:32
PK Defense
1 - 70% - 60% - 2:13
2 - 30% - 40% - 0:58
PK3 Forward
1 - 0% - 60%
2 - 0% - 40%
PK3 Defense
1 - 0% - 60%
2 - 0% - 40%
44 Forward
1 - 100% - 60% - 0:13
2 - 0% - 40% - 0:00
44 Defense
1 - 100% - 60% - 0:13
2 - 0% - 40% - 0:00
Last Minute Offensive - 0:00
Last Minute Defensive - 0:20
Total
Forward - 60:00
Defense - 60:00
|
% Time on Ice - Senators
Lines # - Real PCT - Wanted PCT - Time Play
Normal Forward
1 - 35% - 40% - 16:32
2 - 25% - 30% - 11:38
3 - 26% - 20% - 12:25
4 - 13% - 10% - 6:19
Normal Defense
1 - 42% - 40% - 19:54
2 - 32% - 30% - 15:03
3 - 20% - 20% - 9:28
4 - 5% - 10% - 2:29
PP Forward
1 - 55% - 60% - 1:46
2 - 45% - 40% - 1:25
PP Defense
1 - 50% - 60% - 1:35
2 - 50% - 40% - 1:36
PK Forward
1 - 74% - 60% - 6:10
2 - 26% - 40% - 2:13
PK Defense
1 - 65% - 60% - 5:26
2 - 35% - 40% - 2:57
PK3 Forward
1 - 88% - 60% - 0:52
2 - 12% - 40% - 0:07
PK3 Defense
1 - 73% - 60% - 0:43
2 - 27% - 40% - 0:16
44 Forward
1 - 100% - 60% - 0:13
2 - 0% - 40% - 0:00
44 Defense
1 - 100% - 60% - 0:13
2 - 0% - 40% - 0:00
Last Minute Offensive - 0:20
Last Minute Defensive - 0:00
Total
Forward - 60:00
Defense - 60:00
|
Play by Play
1st period
0:01 of 1st period - Darren Helm wins face-off versus Nick Bjugstad in neutral zone.
0:04 of 1st period - Wrist shot by Ryan Bayda.
0:04 of 1st period - Shot Misses the Net.
0:12 of 1st period - Wrist shot by Ryan Bayda.
0:12 of 1st period - Stopped by Brad Thiessen with a rebound.
0:14 of 1st period - Slapshot by Cameron Schilling.
0:14 of 1st period - Shot Misses the Net.
0:26 of 1st period - Cameron Schilling is hit by Jaden Schwartz and loses puck.
1:27 of 1st period - Snap shot by Ryan Bayda.
1:27 of 1st period - Shot Misses the Net.
1:49 of 1st period - Jaden Schwartz is hit by Jack Skille and loses puck.
2:10 of 1st period - Corban Knight is hit by Marc-André Bernier and loses puck.
2:31 of 1st period - Wrist shot by Tomas Jurco.
2:31 of 1st period - Shot Misses the Net.
2:49 of 1st period - Wrist shot by Nigel Dawes.
2:49 of 1st period - Stopped by Brad Thiessen with a rebound.
2:51 of 1st period - Snap shot by Corban Knight.
2:51 of 1st period - Deflect By Nigel Dawes.
2:51 of 1st period - Goal by Nigel Dawes - Demolitions : 1 - Senators : 0.
2:52 of 1st period - Nick Bjugstad wins face-off versus Darren Helm in neutral zone.
3:17 of 1st period - Cameron Schilling is hit by Tommy Wingels and loses puck.
3:24 of 1st period - Snap shot by Tommy Wingels.
3:24 of 1st period - Shot Misses the Net.
3:26 of 1st period - Slapshot by Martin Marincin.
3:26 of 1st period - Shot Blocked by Brendon Nash.
3:28 of 1st period - Slapshot by Martin Marincin.
3:28 of 1st period - Stopped by Karri Ramo with a rebound.
3:46 of 1st period - Wrist shot by Marc-André Bernier.
3:46 of 1st period - Stopped by Karri Ramo with a rebound.
4:25 of 1st period - Snap shot by Erik Condra.
4:25 of 1st period - Shot Misses the Net.
4:27 of 1st period - Slapshot by Robert Bortuzzo.
4:27 of 1st period - Shot Misses the Net.
5:49 of 1st period - Minor Penalty to Sergei Kostitsyn for Hooking.
5:50 of 1st period - Tomas Jurco wins face-off versus Darren Helm in Senators zone.
6:24 of 1st period - Slapshot by Bobby Butler.
6:24 of 1st period - Shot Blocked by Patrick Wey.
6:26 of 1st period - Wrist shot by Darren Helm.
6:26 of 1st period - Shot Misses the Net.
6:28 of 1st period - Wrist shot by Darren Helm.
6:28 of 1st period - Stopped by Brad Thiessen without a rebound.
6:29 of 1st period - Corban Knight wins face-off versus Tomas Jurco in Senators zone.
6:44 of 1st period - Patrick Wey is hit by Ryan Bayda and loses puck.
7:49 of 1st period - Penalty to Sergei Kostitsyn is over, Sergei Kostitsyn is back on ice.
8:00 of 1st period - Wrist shot by Ryan Vesce.
8:00 of 1st period - Goal by Ryan Vesce - Demolitions : 2 - Senators : 0.
8:01 of 1st period - Sergei Kostitsyn wins face-off versus Brandon McMillan in neutral zone.
8:12 of 1st period - Snap shot by Chris Thorburn.
8:12 of 1st period - Shot Misses the Net.
8:14 of 1st period - Snap shot by Chris Thorburn.
8:14 of 1st period - Shot Blocked by Cameron Schilling.
8:16 of 1st period - Wrist shot by Sergei Kostitsyn.
8:16 of 1st period - Shot Blocked by Cameron Schilling.
8:26 of 1st period - Marc-André Bernier is hit by Ryan Bayda and loses puck.
8:49 of 1st period - Slapshot by Cameron Schilling.
8:49 of 1st period - Shot Blocked by Nicolas Deslauriers.
8:51 of 1st period - Slapshot by Cameron Schilling.
8:51 of 1st period - Stopped by Brad Thiessen with a rebound.
8:53 of 1st period - Wrist shot by Corban Knight.
8:53 of 1st period - Shot Misses the Net.
8:57 of 1st period - Snap shot by Erik Condra.
8:57 of 1st period - Shot Misses the Net.
9:25 of 1st period - Tomas Jurco is hit by Brandon McMillan and loses puck.
9:32 of 1st period - Wrist shot by Bobby Butler.
9:32 of 1st period - Shot Misses the Net.
9:34 of 1st period - Wrist shot by Brandon McMillan.
9:34 of 1st period - Stopped by Brad Thiessen with a rebound.
9:36 of 1st period - Backhand shot by Mike Sauer.
9:36 of 1st period - Stopped by Brad Thiessen with a rebound.
9:46 of 1st period - Mike Sauer is hit by Martin Marincin and loses puck.
9:57 of 1st period - Snap shot by Marc-André Bernier.
9:57 of 1st period - Shot Blocked by Mike Sauer.
10:30 of 1st period - Slapshot by Matt Frattin.
10:30 of 1st period - Stopped by Karri Ramo without a rebound.
10:31 of 1st period - Nick Bjugstad wins face-off versus Nicolas Blanchard in Demolitions zone.
10:36 of 1st period - Snap shot by Nick Bjugstad.
10:36 of 1st period - Deflect By Chris Thorburn.
10:36 of 1st period - Stopped by Karri Ramo without a rebound.
10:37 of 1st period - Nick Bjugstad wins face-off versus Darren Helm in Demolitions zone.
10:42 of 1st period - Snap shot by Chris Thorburn.
10:42 of 1st period - Shot Misses the Net.
10:52 of 1st period - Snap shot by Ryan Bayda.
10:52 of 1st period - Stopped by Brad Thiessen with a rebound.
10:58 of 1st period - Minor Penalty to Logan Stephenson for Hooking.
10:59 of 1st period - Darren Helm wins face-off versus Jaden Schwartz in Senators zone.
11:06 of 1st period - Snap shot by Bobby Butler.
11:06 of 1st period - Goal by Bobby Butler - Demolitions : 3 - Senators : 0.
11:07 of 1st period - Nick Bjugstad wins face-off versus Darren Helm in neutral zone.
11:09 of 1st period - Off-side.
11:10 of 1st period - Nick Bjugstad wins face-off versus Darren Helm in neutral zone.
11:19 of 1st period - Snap shot by Nick Bjugstad.
11:19 of 1st period - Deflect By Sergei Kostitsyn.
11:19 of 1st period - Stopped by Karri Ramo with a rebound.
12:09 of 1st period - Nigel Dawes is hit by Marc-André Bernier and loses puck.
12:26 of 1st period - Backhand shot by Ryan Bayda.
12:26 of 1st period - Shot Hit the Post.
12:28 of 1st period - Snap shot by Mike Sauer.
12:28 of 1st period - Deflect By Darren Helm.
12:28 of 1st period - Stopped by Brad Thiessen without a rebound.
12:29 of 1st period - Nick Bjugstad wins face-off versus Brandon McMillan in Senators zone.
14:23 of 1st period - Snap shot by Martins Karsums.
14:23 of 1st period - Stopped by Brad Thiessen without a rebound.
14:24 of 1st period - Chandler Stephenson wins face-off versus Darren Helm in Senators zone.
14:24 of 1st period - Tomas Jurco is hit by Cameron Schilling and loses puck.
14:42 of 1st period - Slapshot by Patrick Wey.
14:42 of 1st period - Stopped by Karri Ramo without a rebound.
14:43 of 1st period - Nick Bjugstad wins face-off versus Brandon McMillan in Demolitions zone.
14:44 of 1st period - Snap shot by Sergei Kostitsyn.
14:44 of 1st period - Deflect By Nick Bjugstad.
14:44 of 1st period - Shot Blocked by Jack Skille.
14:44 of 1st period - Puck is out of play.
14:45 of 1st period - Nick Bjugstad wins face-off versus Brandon McMillan in Demolitions zone.
14:46 of 1st period - Wrist shot by Sergei Kostitsyn.
14:46 of 1st period - Shot Hit the Post.
14:48 of 1st period - Wrist shot by Chris Thorburn.
14:48 of 1st period - Shot Misses the Net.
14:50 of 1st period - Snap shot by Sergei Kostitsyn.
14:50 of 1st period - Shot Misses the Net.
14:52 of 1st period - Slapshot by Patrick Wey.
14:52 of 1st period - Shot Blocked by Brendon Nash.
14:54 of 1st period - Slapshot by Logan Stephenson.
14:54 of 1st period - Stopped by Karri Ramo with a rebound.
14:56 of 1st period - Slapshot by Patrick Wey.
14:56 of 1st period - Stopped by Karri Ramo without a rebound.
14:57 of 1st period - Jaden Schwartz wins face-off versus Martins Karsums in Demolitions zone.
14:58 of 1st period - Wrist shot by Tommy Wingels.
14:58 of 1st period - Shot Misses the Net.
15:44 of 1st period - Brendon Nash is hit by Tommy Wingels and loses puck.
15:49 of 1st period - Snap shot by Jaden Schwartz.
15:49 of 1st period - Shot Blocked by Darren Helm.
16:16 of 1st period - Icing by Ryan Bayda.
16:17 of 1st period - Darren Helm wins face-off versus Nick Bjugstad in Demolitions zone.
16:17 of 1st period - Darren Helm is hit by Chris Thorburn.
16:54 of 1st period - Wrist shot by Marc-André Bernier.
16:54 of 1st period - Shot Blocked by Jack Skille.
17:10 of 1st period - Wrist shot by Patrick Bordeleau.
17:10 of 1st period - Shot Misses the Net.
17:40 of 1st period - Snap shot by Corban Knight.
17:40 of 1st period - Deflect By Zemgus Girgensons.
17:40 of 1st period - Shot Misses the Net.
17:40 of 1st period - Puck is out of play.
17:41 of 1st period - Nicolas Blanchard wins face-off versus Zemgus Girgensons in Senators zone.
18:11 of 1st period - Gabriel Bourque is hit by Nigel Dawes and loses puck.
18:26 of 1st period - Martin Marincin is hit by Bobby Butler and loses puck.
18:51 of 1st period - Slapshot by Gabriel Bourque.
18:51 of 1st period - Stopped by Karri Ramo with a rebound.
18:53 of 1st period - Snap shot by Marc-André Bernier.
18:53 of 1st period - Shot Misses the Net.
19:05 of 1st period - Wrist shot by Gabriel Bourque.
19:05 of 1st period - Stopped by Karri Ramo with a rebound.
19:07 of 1st period - Wrist shot by Patrick Wey.
19:07 of 1st period - Shot Blocked by Andrew Campbell.
19:09 of 1st period - Snap shot by Gabriel Bourque.
19:09 of 1st period - Stopped by Karri Ramo with a rebound.
19:22 of 1st period - Backhand shot by Nicolas Blanchard.
19:22 of 1st period - Shot Hit the Post.
19:24 of 1st period - Snap shot by Nicolas Blanchard.
19:24 of 1st period - Shot Misses the Net.
19:26 of 1st period - Slapshot by Robert Bortuzzo.
19:26 of 1st period - Deflect By Nicolas Blanchard.
19:26 of 1st period - Shot Blocked by Shane Sims.
19:26 of 1st period - Puck is out of play.
19:27 of 1st period - Brandon McMillan wins face-off versus Nick Bjugstad in Senators zone.
19:42 of 1st period - Snap shot by Nick Bjugstad.
19:42 of 1st period - Stopped by Karri Ramo without a rebound.
19:43 of 1st period - Tommy Wingels wins face-off versus Darren Helm in Demolitions zone.
19:58 of 1st period - Snap shot by Jaden Schwartz.
19:58 of 1st period - Shot Misses the Net.
Goals for this period are 3 for Demolitions vs 0 for Senators.
Shots for this period are 12 for Demolitions vs 12 for Senators.
2nd period
0:01 of 2nd period - Nick Bjugstad wins face-off versus Darren Helm in neutral zone.
0:09 of 2nd period - Icing by Martins Karsums.
0:10 of 2nd period - Nick Bjugstad wins face-off versus Darren Helm in Demolitions zone.
1:16 of 2nd period - Minor Penalty to Martins Karsums for Roughing.
1:17 of 2nd period - Tommy Wingels wins face-off versus Jack Skille in Demolitions zone.
1:17 of 2nd period - Snap shot by Jaden Schwartz.
1:17 of 2nd period - Goal by Jaden Schwartz - Demolitions : 3 - Senators : 1.
1:18 of 2nd period - Tommy Wingels wins face-off versus Brandon McMillan in neutral zone.
1:27 of 2nd period - Snap shot by Tommy Wingels.
1:27 of 2nd period - Stopped by Karri Ramo with a rebound.
1:30 of 2nd period - Icing by Cameron Schilling.
1:31 of 2nd period - Brandon McMillan wins face-off versus Nick Bjugstad in Demolitions zone.
1:31 of 2nd period - Brandon McMillan is hit by Logan Stephenson.
1:41 of 2nd period - Snap shot by Nick Bjugstad.
1:41 of 2nd period - Shot Blocked by Bobby Butler.
1:43 of 2nd period - Slapshot by Patrick Wey.
1:43 of 2nd period - Shot Misses the Net.
1:45 of 2nd period - Slapshot by Logan Stephenson.
1:45 of 2nd period - Stopped by Karri Ramo with a rebound.
1:47 of 2nd period - Wrist shot by Chris Thorburn.
1:47 of 2nd period - Shot Misses the Net.
1:59 of 2nd period - Snap shot by Ryan Bayda.
1:59 of 2nd period - Shot Misses the Net.
2:05 of 2nd period - Wrist shot by Martins Karsums.
2:05 of 2nd period - Deflect By Darren Helm.
2:05 of 2nd period - Shot Misses the Net.
2:05 of 2nd period - Puck is out of play.
2:06 of 2nd period - Darren Helm wins face-off versus Nick Bjugstad in Senators zone.
2:07 of 2nd period - Wrist shot by Martins Karsums.
2:07 of 2nd period - Deflect By Darren Helm.
2:07 of 2nd period - Stopped by Brad Thiessen with a rebound.
2:19 of 2nd period - Snap shot by Ryan Bayda.
2:19 of 2nd period - Shot Misses the Net.
2:36 of 2nd period - Shane Sims is hit by Robert Bortuzzo and loses puck.
2:55 of 2nd period - Gabriel Bourque is hit by Corban Knight and loses puck.
3:08 of 2nd period - Wrist shot by Brendon Nash.
3:08 of 2nd period - Deflect By Corban Knight.
3:08 of 2nd period - Stopped by Brad Thiessen without a rebound.
3:09 of 2nd period - Darren Helm wins face-off versus Nick Bjugstad in Senators zone.
3:20 of 2nd period - Martins Karsums is hit by Nicolas Deslauriers and loses puck.
3:41 of 2nd period - Slapshot by Cameron Schilling.
3:41 of 2nd period - Deflect By Bobby Butler.
3:41 of 2nd period - Stopped by Brad Thiessen without a rebound.
3:42 of 2nd period - Brandon McMillan wins face-off versus Tommy Wingels in Senators zone.
3:43 of 2nd period - Snap shot by Jack Skille.
3:43 of 2nd period - Shot Blocked by Patrick Wey.
4:29 of 2nd period - Zemgus Girgensons is hit by Mike Sauer and loses puck.
4:45 of 2nd period - Off-side.
4:46 of 2nd period - Tommy Wingels wins face-off versus Nicolas Blanchard in neutral zone.
5:13 of 2nd period - Snap shot by Ryan Bayda.
5:13 of 2nd period - Shot Blocked by Tommy Wingels.
5:15 of 2nd period - Slapshot by Darren Helm.
5:15 of 2nd period - Stopped by Brad Thiessen without a rebound.
5:16 of 2nd period - Darren Helm wins face-off versus Nick Bjugstad in Senators zone.
5:19 of 2nd period - Snap shot by Ryan Bayda.
5:19 of 2nd period - Shot Misses the Net.
5:43 of 2nd period - Brandon McMillan is hit by Marc-André Bernier and loses puck.
5:50 of 2nd period - Snap shot by Robert Bortuzzo.
5:50 of 2nd period - Deflect By Marc-André Bernier.
5:50 of 2nd period - Stopped by Brad Thiessen with a rebound.
5:57 of 2nd period - Minor Penalty to Brandon McMillan for High sticking.
5:58 of 2nd period - Nick Bjugstad wins face-off versus Bobby Butler in Demolitions zone.
6:00 of 2nd period - Snap shot by Chris Thorburn.
6:00 of 2nd period - Goal by Chris Thorburn - Demolitions : 3 - Senators : 2.
6:01 of 2nd period - Brandon McMillan wins face-off versus Nick Bjugstad in neutral zone.
6:06 of 2nd period - Sergei Kostitsyn is hit by Brandon McMillan and loses puck.
7:15 of 2nd period - Snap shot by Chris Thorburn.
7:15 of 2nd period - Deflect By Sergei Kostitsyn.
7:15 of 2nd period - Shot Misses the Net.
7:15 of 2nd period - Puck is out of play.
7:16 of 2nd period - Nick Bjugstad wins face-off versus Brandon McMillan in Demolitions zone.
7:29 of 2nd period - Wrist shot by Nick Bjugstad.
7:29 of 2nd period - Shot Misses the Net.
8:31 of 2nd period - Wrist shot by Ryan Vesce.
8:31 of 2nd period - Stopped by Brad Thiessen without a rebound.
8:32 of 2nd period - Darren Helm wins face-off versus Nick Bjugstad in Senators zone.
8:37 of 2nd period - Snap shot by Ryan Bayda.
8:37 of 2nd period - Goal by Ryan Bayda - Demolitions : 4 - Senators : 2.
8:37 of 2nd period - Ben Bishop enters game.
8:38 of 2nd period - Brandon McMillan wins face-off versus Nick Bjugstad in neutral zone.
8:42 of 2nd period - Minor Penalty to Nick Bjugstad for Hooking.
8:43 of 2nd period - Darren Helm wins face-off versus Sergei Kostitsyn in Senators zone.
9:13 of 2nd period - Slapshot by Erik Condra.
9:13 of 2nd period - Goal by Erik Condra - Demolitions : 5 - Senators : 2.
9:14 of 2nd period - Darren Helm wins face-off versus Nick Bjugstad in neutral zone.
9:25 of 2nd period - Snap shot by Cameron Schilling.
9:25 of 2nd period - Shot Blocked by Patrick Wey.
9:27 of 2nd period - Snap shot by Darren Helm.
9:27 of 2nd period - Shot Misses the Net.
9:29 of 2nd period - Wrist shot by Ryan Bayda.
9:29 of 2nd period - Shot Misses the Net.
9:44 of 2nd period - Slapshot by Brendon Nash.
9:44 of 2nd period - Deflect By Nigel Dawes.
9:44 of 2nd period - Shot Blocked by Logan Stephenson.
9:44 of 2nd period - Puck is out of play.
9:45 of 2nd period - Corban Knight wins face-off versus Tommy Wingels in Senators zone.
9:49 of 2nd period - Minor Penalty to Tommy Wingels for Hooking.
9:50 of 2nd period - Sergei Kostitsyn wins face-off versus Darren Helm in Senators zone.
9:57 of 2nd period - Off-side.
9:58 of 2nd period - Darren Helm wins face-off versus Sergei Kostitsyn in neutral zone.
10:13 of 2nd period - Snap shot by Martins Karsums.
10:13 of 2nd period - Stopped by Ben Bishop with a rebound.
10:43 of 2nd period - Seth Helgeson is hit by Sergei Kostitsyn and loses puck.
11:49 of 2nd period - Penalty to Tommy Wingels is over, Tommy Wingels is back on ice.
11:54 of 2nd period - Off-side.
11:55 of 2nd period - Nick Bjugstad wins face-off versus Nicolas Blanchard in neutral zone.
12:00 of 2nd period - Slapshot by Sergei Kostitsyn.
12:00 of 2nd period - Shot Misses the Net.
12:14 of 2nd period - Robert Bortuzzo is hit by Tomas Jurco and loses puck.
12:21 of 2nd period - Slapshot by Tomas Jurco.
12:21 of 2nd period - Shot Blocked by Andrew Campbell.
12:37 of 2nd period - Slapshot by Nigel Dawes.
12:37 of 2nd period - Stopped by Ben Bishop without a rebound.
12:38 of 2nd period - Tommy Wingels wins face-off versus Corban Knight in Senators zone.
12:49 of 2nd period - Snap shot by Matt Frattin.
12:49 of 2nd period - Shot Misses the Net.
12:51 of 2nd period - Snap shot by Logan Stephenson.
12:51 of 2nd period - Deflect By Jaden Schwartz.
12:51 of 2nd period - Stopped by Karri Ramo with a rebound.
13:03 of 2nd period - Erik Condra is hit by Gabriel Bourque and loses puck.
13:08 of 2nd period - Slapshot by Shane Sims.
13:08 of 2nd period - Deflect By Zemgus Girgensons.
13:08 of 2nd period - Shot Blocked by Brendon Nash.
13:08 of 2nd period - Puck is out of play.
13:09 of 2nd period - Ryan Bayda wins face-off versus Zemgus Girgensons in Demolitions zone.
13:09 of 2nd period - Ryan Bayda is hit by Gabriel Bourque.
13:21 of 2nd period - Slapshot by Shane Sims.
13:21 of 2nd period - Shot Blocked by Mike Sauer.
13:23 of 2nd period - Slapshot by Shane Sims.
13:23 of 2nd period - Stopped by Karri Ramo without a rebound.
13:24 of 2nd period - Nick Bjugstad wins face-off versus Brandon McMillan in Demolitions zone.
13:25 of 2nd period - Snap shot by Sergei Kostitsyn.
13:25 of 2nd period - Shot Misses the Net.
13:27 of 2nd period - Snap shot by Nick Bjugstad.
13:27 of 2nd period - Stopped by Karri Ramo without a rebound.
13:28 of 2nd period - Nick Bjugstad wins face-off versus Brandon McMillan in Demolitions zone.
14:46 of 2nd period - Slapshot by Marc-André Bernier.
14:46 of 2nd period - Goal by Marc-André Bernier - Demolitions : 5 - Senators : 3.
14:47 of 2nd period - Nick Bjugstad wins face-off versus Ryan Bayda in neutral zone.
15:12 of 2nd period - Brandon McMillan is hit by Tommy Wingels and loses puck.
15:46 of 2nd period - Snap shot by Patrick Bordeleau.
15:46 of 2nd period - Shot Misses the Net.
15:48 of 2nd period - Wrist shot by Tomas Jurco.
15:48 of 2nd period - Shot Misses the Net.
16:02 of 2nd period - Off-side.
16:03 of 2nd period - Nick Bjugstad wins face-off versus Darren Helm in neutral zone.
16:34 of 2nd period - Wrist shot by Brandon McMillan.
16:34 of 2nd period - Stopped by Ben Bishop without a rebound.
16:35 of 2nd period - Tommy Wingels wins face-off versus Brandon McMillan in Senators zone.
16:35 of 2nd period - Tommy Wingels is hit by Cameron Schilling.
17:07 of 2nd period - Darren Helm is hit by Nick Bjugstad and loses puck.
17:31 of 2nd period - Slapshot by Nigel Dawes.
17:31 of 2nd period - Shot Misses the Net.
17:33 of 2nd period - Wrist shot by Erik Condra.
17:33 of 2nd period - Goal by Erik Condra - Demolitions : 6 - Senators : 3.
17:34 of 2nd period - Darren Helm wins face-off versus Nick Bjugstad in neutral zone.
17:39 of 2nd period - Slapshot by Mike Sauer.
17:39 of 2nd period - Deflect By Ryan Bayda.
17:39 of 2nd period - Stopped by Ben Bishop with a rebound.
17:41 of 2nd period - Slapshot by Seth Helgeson.
17:41 of 2nd period - Deflect By Martins Karsums.
17:41 of 2nd period - Stopped by Ben Bishop with a rebound.
18:34 of 2nd period - Wrist shot by Ryan Vesce.
18:34 of 2nd period - Deflect By Martin Marincin.
18:34 of 2nd period - Shot Misses the Net.
18:34 of 2nd period - Puck is out of play.
18:35 of 2nd period - Darren Helm wins face-off versus Nick Bjugstad in Senators zone.
19:09 of 2nd period - Snap shot by Jaden Schwartz.
19:09 of 2nd period - Shot Misses the Net.
19:23 of 2nd period - Wrist shot by Ryan Vesce.
19:23 of 2nd period - Shot Blocked by Gabriel Bourque.
19:25 of 2nd period - Wrist shot by Nicolas Blanchard.
19:25 of 2nd period - Shot Blocked by Gabriel Bourque.
19:27 of 2nd period - Snap shot by Nicolas Blanchard.
19:27 of 2nd period - Stopped by Ben Bishop without a rebound.
19:28 of 2nd period - Nicolas Blanchard wins face-off versus Zemgus Girgensons in Senators zone.
19:31 of 2nd period - Wrist shot by Nicolas Blanchard.
19:31 of 2nd period - Shot Blocked by Gabriel Bourque.
19:33 of 2nd period - Wrist shot by Ryan Vesce.
19:33 of 2nd period - Shot Blocked by Patrick Wey.
19:50 of 2nd period - Snap shot by Nicolas Blanchard.
19:50 of 2nd period - Stopped by Ben Bishop with a rebound.
19:58 of 2nd period - Snap shot by Nicolas Blanchard.
19:58 of 2nd period - Stopped by Ben Bishop without a rebound.
19:59 of 2nd period - Darren Helm wins face-off versus Nick Bjugstad in Senators zone.
Goals for this period are 3 for Demolitions vs 3 for Senators.
Shots for this period are 17 for Demolitions vs 8 for Senators.
3rd period
0:01 of 3rd period - Martins Karsums wins face-off versus Sergei Kostitsyn in neutral zone.
0:05 of 3rd period - Minor Penalty to Logan Stephenson for Holding.
0:06 of 3rd period - Darren Helm wins face-off versus Sergei Kostitsyn in Senators zone.
0:32 of 3rd period - Sergei Kostitsyn is hit by Corban Knight and loses puck.
1:05 of 3rd period - Minor Penalty to Chris Thorburn for High sticking.
1:06 of 3rd period - Darren Helm wins face-off versus Sergei Kostitsyn in Senators zone.
1:21 of 3rd period - Patrick Wey is hit by Darren Helm and loses puck.
2:05 of 3rd period - Penalty to Logan Stephenson is over, Logan Stephenson is back on ice.
3:05 of 3rd period - Penalty to Chris Thorburn is over, Chris Thorburn is back on ice.
3:51 of 3rd period - Mike Sauer is hit by Tommy Wingels and loses puck.
4:35 of 3rd period - Snap shot by Jaden Schwartz.
4:35 of 3rd period - Deflect By Tommy Wingels.
4:35 of 3rd period - Stopped by Karri Ramo without a rebound.
4:36 of 3rd period - Tommy Wingels wins face-off versus Corban Knight in Demolitions zone.
4:47 of 3rd period - Slapshot by Nigel Dawes.
4:47 of 3rd period - Deflect By Corban Knight.
4:47 of 3rd period - Stopped by Ben Bishop with a rebound.
4:57 of 3rd period - Jack Skille is hit by Sergei Kostitsyn and loses puck.
5:23 of 3rd period - Snap shot by Ryan Vesce.
5:23 of 3rd period - Stopped by Ben Bishop without a rebound.
5:24 of 3rd period - Ryan Vesce wins face-off versus Nick Bjugstad in Senators zone.
5:35 of 3rd period - Billy Sweat is hit by Patrick Wey and loses puck.
5:58 of 3rd period - Minor Penalty to Brendon Nash for Holding.
5:59 of 3rd period - Martins Karsums wins face-off versus Nick Bjugstad in Demolitions zone.
5:59 of 3rd period - Martins Karsums is hit by Chris Thorburn.
6:10 of 3rd period - Slapshot by Sergei Kostitsyn.
6:10 of 3rd period - Stopped by Karri Ramo without a rebound.
6:11 of 3rd period - Martins Karsums wins face-off versus Nick Bjugstad in Demolitions zone.
6:52 of 3rd period - Slapshot by Jaden Schwartz.
6:52 of 3rd period - Goal by Jaden Schwartz - Demolitions : 6 - Senators : 4.
6:53 of 3rd period - Darren Helm wins face-off versus Nick Bjugstad in neutral zone.
7:51 of 3rd period - Zemgus Girgensons is hit by Corban Knight and loses puck.
8:01 of 3rd period - Off-side.
8:02 of 3rd period - Darren Helm wins face-off versus Chandler Stephenson in neutral zone.
8:09 of 3rd period - Snap shot by Ryan Bayda.
8:09 of 3rd period - Goal by Ryan Bayda - Demolitions : 7 - Senators : 4.
8:10 of 3rd period - Nick Bjugstad wins face-off versus Darren Helm in neutral zone.
8:23 of 3rd period - Slapshot by Brendon Nash.
8:23 of 3rd period - Stopped by Ben Bishop with a rebound.
8:28 of 3rd period - Minor Penalty to Chris Thorburn for Hooking.
8:29 of 3rd period - Darren Helm wins face-off versus Sergei Kostitsyn in Senators zone.
8:37 of 3rd period - Wrist shot by Martins Karsums.
8:37 of 3rd period - Shot Misses the Net.
9:18 of 3rd period - Darren Helm is hit by Sergei Kostitsyn.
10:14 of 3rd period - Minor Penalty to Mike Sauer for High sticking.
10:15 of 3rd period - Sergei Kostitsyn wins face-off versus Martins Karsums in Demolitions zone.
10:18 of 3rd period - Wrist shot by Sergei Kostitsyn.
10:18 of 3rd period - Stopped by Karri Ramo with a rebound.
10:28 of 3rd period - Penalty to Chris Thorburn is over, Chris Thorburn is back on ice.
10:30 of 3rd period - Snap shot by Sergei Kostitsyn.
10:30 of 3rd period - Goal by Sergei Kostitsyn - Demolitions : 7 - Senators : 5.
10:31 of 3rd period - Darren Helm wins face-off versus Nick Bjugstad in neutral zone.
10:39 of 3rd period - Off-side.
10:40 of 3rd period - Nick Bjugstad wins face-off versus Darren Helm in neutral zone.
11:06 of 3rd period - Darren Helm is hit by Nick Bjugstad.
11:33 of 3rd period - Minor Penalty to Ryan Bayda for Goalie Interference.
11:34 of 3rd period - Martins Karsums wins face-off versus Tommy Wingels in Demolitions zone.
11:34 of 3rd period - Martins Karsums is hit by Matt Frattin.
12:33 of 3rd period - Tommy Wingels is hit by Nigel Dawes.
12:54 of 3rd period - Off-side.
12:55 of 3rd period - Corban Knight wins face-off versus Patrick Bordeleau in neutral zone.
13:16 of 3rd period - Shane Sims is hit by Darren Helm and loses puck.
13:33 of 3rd period - Penalty to Ryan Bayda is over, Ryan Bayda is back on ice.
13:49 of 3rd period - Slapshot by Erik Condra.
13:49 of 3rd period - Stopped by Ben Bishop without a rebound.
13:50 of 3rd period - Nick Bjugstad wins face-off versus Nicolas Blanchard in Senators zone.
13:55 of 3rd period - Snap shot by Sergei Kostitsyn.
13:55 of 3rd period - Stopped by Karri Ramo with a rebound.
14:05 of 3rd period - Snap shot by Nick Bjugstad.
14:05 of 3rd period - Shot Misses the Net.
14:15 of 3rd period - Marc-André Bernier is hit by Nigel Dawes and loses puck.
14:22 of 3rd period - Backhand shot by Nigel Dawes.
14:22 of 3rd period - Shot Misses the Net.
14:24 of 3rd period - Slapshot by Corban Knight.
14:24 of 3rd period - Deflect By Erik Condra.
14:24 of 3rd period - Shot Blocked by Logan Stephenson.
14:24 of 3rd period - Puck is out of play.
14:25 of 3rd period - Darren Helm wins face-off versus Nick Bjugstad in Senators zone.
14:40 of 3rd period - Snap shot by Chris Thorburn.
14:40 of 3rd period - Stopped by Karri Ramo with a rebound.
15:20 of 3rd period - Shane Sims is hit by Corban Knight and loses puck.
15:46 of 3rd period - Icing by Patrick Bordeleau.
15:47 of 3rd period - Brandon McMillan wins face-off versus Chandler Stephenson in Senators zone.
15:54 of 3rd period - Snap shot by Erik Condra.
15:54 of 3rd period - Stopped by Ben Bishop with a rebound.
16:01 of 3rd period - Off-side.
16:02 of 3rd period - Nick Bjugstad wins face-off versus Darren Helm in neutral zone.
16:05 of 3rd period - Darren Helm is hit by Chris Thorburn and loses puck.
16:47 of 3rd period - Snap shot by Brendon Nash.
16:47 of 3rd period - Shot Blocked by Jeff Petry.
17:29 of 3rd period - Icing by Seth Helgeson.
17:30 of 3rd period - Darren Helm wins face-off versus Nick Bjugstad in Demolitions zone.
17:35 of 3rd period - Snap shot by Nick Bjugstad.
17:35 of 3rd period - Shot Misses the Net.
17:37 of 3rd period - Snap shot by Patrick Wey.
17:37 of 3rd period - Shot Blocked by Mike Sauer.
17:43 of 3rd period - Wrist shot by Sergei Kostitsyn.
17:43 of 3rd period - Shot Misses the Net.
17:45 of 3rd period - Slapshot by Sergei Kostitsyn.
17:45 of 3rd period - Shot Misses the Net.
18:03 of 3rd period - Nigel Dawes is hit by Logan Stephenson and loses puck.
18:16 of 3rd period - Martin Marincin is hit by Bobby Butler and loses puck.
18:17 of 3rd period - Martin Marincin from Senators is injured at 18:17 of 3rd period (Right Eye).
18:18 of 3rd period - Zemgus Girgensons wins face-off versus Corban Knight in Senators zone.
18:18 of 3rd period - Zemgus Girgensons is hit by Brendon Nash.
18:32 of 3rd period - Gabriel Bourque is hit by Nigel Dawes and loses puck.
18:49 of 3rd period - Wrist shot by Bobby Butler.
18:49 of 3rd period - Shot Blocked by Marc-André Bernier.
19:26 of 3rd period - Wrist shot by Shane Sims.
19:26 of 3rd period - Stopped by Karri Ramo with a rebound.
19:28 of 3rd period - Minor Penalty to Martins Karsums for Hooking.
19:29 of 3rd period - Jack Skille wins face-off versus Nick Bjugstad in Demolitions zone.
19:29 of 3rd period - Jack Skille is hit by Logan Stephenson.
19:39 of 3rd period - Wrist shot by Sergei Kostitsyn.
19:39 of 3rd period - Goal by Sergei Kostitsyn - Demolitions : 7 - Senators : 6.
19:40 of 3rd period - Darren Helm wins face-off versus Nick Bjugstad in neutral zone.
19:43 of 3rd period - Snap shot by Bobby Butler.
19:43 of 3rd period - Stopped by Ben Bishop without a rebound.
19:44 of 3rd period - Patrick Roy call a timeout for Senators.
19:44 of 3rd period - Bobby Butler wins face-off versus Nick Bjugstad in Senators zone.
19:47 of 3rd period - Snap shot by Martins Karsums.
19:47 of 3rd period - Stopped by Ben Bishop without a rebound.
19:48 of 3rd period - Nick Bjugstad wins face-off versus Darren Helm in Senators zone.
Goals for this period are 1 for Demolitions vs 3 for Senators.
Shots for this period are 8 for Demolitions vs 9 for Senators.
Back to the Top